 Dungeon Crawl Stone Soup version 0.26-a0-30-g56b8cd3df0 (webtiles) character file.

Game seed: 740793135453841977, levelgen mode: deterministic

151 Apogee the Chopper (level 5, -2/45 HPs)
             Began as a Hill Orc Fighter on June 2, 2020.
             Was an Initiate of Makhleb.
             Slain by an orc warrior
             ... wielding a +0 trident
              (5 damage)
             ... on level 4 of the Dungeon.
             The game lasted 00:03:15 (1931 turns).

Apogee the Chopper (Hill Orc Fighter)               Turns: 1931, Time: 00:03:15

Health: -2/45      AC:  6    Str: 20    XL:     5   Next: 33%
Magic:  5/5        EV:  9    Int:  8    God:    Makhleb [......]
Gold:   77         SH:  0    Dex: 10    Spells: 4/4 levels left

rFire    . . .     SeeInvis .   a - +0 war axe
rCold    . . .     Gourm    .   (no shield)
rNeg     . . .     Faith    .   n - +0 scale mail
rPois    .         Spirit   .   (no helmet)
rElec    .         Reflect  .   (no cloak)
rCorr    .         Harm     .   (no gloves)
MR       .....                  (no boots)
Stlth    ..........             (no amulet)
HPRegen  0.15/turn              i - ring of flight
MPRegen  0.09/turn              (no ring)

@: mighty
A: no striking features
a: Renounce Religion, Evoke Flight


You were on level 4 of the Dungeon.
You worshipped Makhleb.
Makhleb was noncommittal.
You were not hungry.

You visited 1 branch of the dungeon, and saw 4 of its levels.

You collected 77 gold pieces.

Inventory:

Hand Weapons
 a - a +0 war axe (weapon)
 b - a +0 hunting sling
Missiles
 j - 136 stones (quivered)
Armour
 c - a +0 kite shield
 n - a +0 scale mail (worn)
Jewellery
 i - a ring of flight (left hand)
Scrolls
 e - 2 scrolls of teleportation {unknown}
 g - a scroll of amnesia {unknown}
 h - 4 scrolls of identify {unknown}
 k - a scroll of enchant weapon {unknown}
 p - a scroll of magic mapping {unknown}
Potions
 l - a potion of lignification {unknown}
 m - a potion of heal wounds {unknown}
 q - 2 potions of stabbing {unknown}
 r - a potion of curing {unknown}
Comestibles
 f - 7 rations
 o - 5 chunks of flesh


   Skills:
 - Level 3.6 Fighting
 + Level 7.1 Axes
 - Level 3.2 Armour
 - Level 3.2 Shields


You had 4 spell levels left.
You didn't know any spells.
Your spell library was empty.

Dungeon Overview and Level Annotations

Branches:
Dungeon (3/15)

Altars:
Fedhas
Makhleb
Xom


Message History

An orc wizard comes into view.
It is wielding a +0 dagger and carrying a wand of flame (14).
You hit the orc.
The orc is severely wounded.
The orc closely misses you.
The orc warrior throws a stone.
The stone hits you!
* * * LOW HITPOINT WARNING * * *
You slash the orc!
You kill the orc!
Makhleb accepts your kill.
The orc warrior throws a stone.
The stone hits you.
* * * LOW HITPOINT WARNING * * *
The orc warrior throws a stone.
The stone hits you.
* * * LOW HITPOINT WARNING * * *
Okay, then.
You feel very mighty all of a sudden.
The orc warrior throws a stone.
The stone hits you.
* * * LOW HITPOINT WARNING * * *
The orc wizard mumbles some strange words.
The orc wizard seems to speed up.
The orc warrior hits you from afar with a +0 trident.
You die...

# .< .#### ...#
#######.###
(.(..>....#
.(((.o.=..###
#...o..@....##
#..<...)(.#..#
#......†((##.#
#.........##.##
#.........##..#
#.........###.###
..........#
#...##
.########.#
###..##### ..
##.....###


You could see an orc warrior and an orc wizard (fast).

Vanquished Creatures
  A crimson imp (D:2)
  An orc priest (D:4)
  An orc wizard (D:4)
  2 adders (D:2)
  2 dart slugs (D:1)
  A leopard gecko (D:1)
  4 orcs (D:4)
  3 giant cockroaches
  6 goblins (D:1)
  3 hobgoblins
  A quokka (D:2)
  3 frilled lizards
  A jackal skeleton (D:4)
  3 kobolds
  7 rats
39 creatures vanquished.

Notes
Turn   | Place    | Note
-------+----------+-------------------------------------------
     0 | D:1      | Apogee the Hill Orc Fighter began the quest for the Orb.
     0 | D:1      | Reached XP level 1. HP: 19/19 MP: 1/1
    21 | D:1      | Reached skill level 3 in Axes
    56 | D:1      | Reached XP level 2. HP: 20/26 MP: 2/2
   174 | D:1      | Reached skill level 4 in Axes
   836 | D:1      | Reached XP level 3. HP: 28/31 MP: 3/3
  1082 | D:2      | Reached skill level 5 in Axes
  1169 | D:2      | Found a shimmering altar of Xom.
  1265 | D:2      | Found a blossoming altar of Fedhas.
  1515 | D:2      | Found a burning altar of Makhleb.
  1529 | D:2      | Reached skill level 6 in Axes
  1529 | D:2      | Reached XP level 4. HP: 36/39 MP: 4/4
  1531 | D:2      | Became a worshipper of Makhleb the Destroyer
  1690 | D:3      | You fall into a shaft and drop 1 floor!
  1693 | D:4      | Reached XP level 5. HP: 35/45 MP: 5/5
  1700 | D:4      | Reached skill level 7 in Axes
  1917 | D:4      | Noticed an orc warrior
  1931 | D:4      | Slain by an orc warrior

Illustrated notes

Levels and vault maps discovered:
D:1:      erik_arrival_triangle_medium, layout_loops_cross,
          hangedman_abyss_or_decor_lesser_grid
D:2:      layout_loops_ring, lemuel_round_altar, fedhas_altar_fruit_tree,
          makhleb_grotto_becter, first_ration, corexii_leaking_fountain
D:3:      layout_rooms, minmay_misc_feat_enclosed, minmay_box_of_dots,
          uniq_jessica
D:4:      minmay_spotlight, layout_rooms, chequers_ossuary_entry_cave,
          roderic_lattice_a, minmay_manual_mess

Skill      XL: |  1  2  3  4  5 |
---------------+----------------+-----
Axes           | 3 4 6 7 |  7.1
Fighting       | |  3.6
Armour         | |  3.2
Shields        | |  3.2

Action                   |  1- 3 |  4- 6 || total
-------------------------+-------+-------++-------
Melee: War axe           |    98 |    19 ||   117
 Fire: Hunting sling     |       |     7 ||     7
  Use: Potion            |       |     1 ||     1
  Eat: Chunk             |     2 |     1 ||     3
Armor: Scale mail        |    53 |     8 ||    61
Dodge: Dodged            |    56 |     6 ||    62

Table legend:
 A = Non-vault XP
 B = Vault XP
 C = Vault XP percentage of total XP
 D = Non-vault monster count
 E = Vault monster count
 F = Vault count percentage of total count
                 A         B        C        D         E       F
            +---------+---------+-------+---------+---------+-------
      Total |     166 |      50 |  23.1 |      38 |       1 |   2.6
            +---------+---------+-------+---------+---------+-------
        D:1 |      34 |       0 |   0.0 |      18 |       0 |   0.0
        D:2 |      38 |      50 |  56.8 |      10 |       1 |   9.1
        D:4 |      94 |       0 |   0.0 |      10 |       0 |   0.0
            +---------+---------+-------+---------+---------+-------
